 Dungeon Crawl Stone Soup version 0.27-a0-1416-g941b2bd30b (webtiles) character file.

Game seed: 4208551168187911270

49 Goblin1989 the Sneak (level 3, 0/29 HPs)
             Began as a Demonspawn Delver on July 1, 2021.
             Slain by an orc (1 damage)
             ... on level 3 of the Dungeon.
             The game lasted 00:04:03 (2143 turns).

Goblin1989 the Sneak (Demonspawn Delver)            Turns: 2143, Time: 00:04:03

Health: 0/29       AC:  3    Str: 13    XL:     3   Next: 53%
Magic:  3/3        EV: 11    Int: 11    God:
Gold:   39         SH:  0    Dex: 14    Spells: 2/2 levels left

rFire    . . .     SeeInvis .   a - +0 short sword
rCold    . . .     Faith    .   (no shield)
rNeg     . . .     Spirit   .   b - +0 leather armour
rPois    .         Reflect  .   (helmet restricted)
rElec    .         Harm     .   (no cloak)
rCorr    .         Rampage  .   (no gloves)
Will     .....                  (no boots)
Stlth    +++.......             (no amulet)
HPRegen  0.09/turn              (no ring)
MPRegen  0.08/turn              (no ring)

@: no status effects
A: antennae 1
a: no special abilities


You were on level 3 of the Dungeon.
You visited 1 branch of the dungeon, and saw 5 of its levels.

You collected 39 gold pieces.

Inventory:

Hand Weapons
 a - a +0 short sword (weapon)
Armour
 b - a +0 leather armour (worn)
Wands
 g - a wand of digging (3) {@v1}
Scrolls
 c - 2 scrolls of fog
 M - 3 scrolls of magic mapping
 N - 2 scrolls of identify {unknown}
 Q - 2 scrolls of amnesia {unknown}
 R - 2 scrolls of teleportation {unknown}
Potions
 f - a potion of haste {@q3,}
 O - a potion of brilliance {unknown}
 P - a potion of magic {unknown}


   Skills:
 - Level 3.0 Fighting
 * Level 3.1 Short Blades
 - Level 1.7 Dodging
 + Level 4.9 Stealth


You had 2 spell levels left.
You didn't know any spells.
Your spell library contained the following spells:

 Spells                   Type           Power      Damage    Failure   Level
 Apportation              Tloc           0%         N/A       41%         1
 Beastly Appendage        Tmut           0%         N/A       41%         1
 Sandblast                Erth           0%         2d4       41%         1
 Passwall                 Tmut/Erth      0%         N/A       56%         2
 Sublimation of Blood     Necr           0%         N/A       56%         2
 Wereblood                Tmut           0%         N/A       56%         2
 Spider Form              Tmut/Pois      0%         N/A       80%         3
 Alistair's Intoxication  Tmut/Pois      0%         N/A       100%        5
 Lee's Rapid Deconstruct  Erth           0%         3d5*      100%        5
 Invisibility             Hex            0%         N/A       100%        6
 Summon Hydra             Summ           0%         N/A       100%        7


Dungeon Overview and Level Annotations

Branches:
Dungeon (5/15)
 Temple: D:4-7

Altars:

Annotations:
D:2 Sigmund


Innate Abilities, Weirdness & Mutations

You have a pair of small antennae on your head.


Message History

The goblin is severely wounded.
The goblin hits you with a +0 dagger.
You take 2 damage, and have 20/29 hp.
You hit the goblin.
You kill the goblin!
You completely miss the adder. The adder closely misses you.
The adder barely misses you.
You barely miss the adder. The adder barely misses you.
You hit the adder.
The adder is lightly wounded.
The adder bites you but does no damage.
You barely miss the adder.
The adder is lightly wounded.
The adder bites you. The adder bites you but does no damage.
You take 2 damage, and have 18/29 hp.
You hit the adder but do no damage.
The adder is lightly wounded.
The adder bites you.
You take 3 damage, and have 15/29 hp.
You are too injured to fight recklessly!
You are too injured to fight recklessly!
You are too injured to fight recklessly!
You are too injured to fight recklessly!
You are too injured to fight recklessly!
You are too injured to fight recklessly!
You are too injured to fight recklessly!
You are too injured to fight recklessly!
You are too injured to fight recklessly!
You are too injured to fight recklessly!
You are too injured to fight recklessly!
You are too injured to fight recklessly!
You are too injured to fight recklessly!
You are too injured to fight recklessly!
You are too injured to fight recklessly!
You are too injured to fight recklessly!
You are too injured to fight recklessly!
You are too injured to fight recklessly!
You are too injured to fight recklessly!
You are too injured to fight recklessly!
You are too injured to fight recklessly!
You are too injured to fight recklessly!
You are too injured to fight recklessly!
You hit the adder.
The adder is moderately wounded.
The adder misses you.
You miss the adder.
The adder is lightly wounded.
The adder bites you.
You take 1 damage, and have 14/29 hp.
You hit the adder.
The adder is moderately wounded.
The adder bites you.
* * * LOW HITPOINT WARNING * * *
The adder completely misses you.
You take 4 damage, and have 10/29 hp.
You closely miss the adder.
The adder is moderately wounded.
The adder bites you but does no damage.
You closely miss the adder.
The adder is moderately wounded.
The adder barely misses you.
You hit the adder but do no damage.
The adder is moderately wounded.
The adder bites you but does no damage.
You hit the adder.
The adder is almost dead.
The adder closely misses you. The adder bites you but does no damage.
You miss the adder.
The adder is almost dead.
The adder bites you.
* * * LOW HITPOINT WARNING * * *
You take 4 damage, and have 6/29 hp.
You hit the adder.
You kill the adder!
You hit the orc.
The orc is lightly wounded.
The orc hits you with a +0 short sword.
* * * LOW HITPOINT WARNING * * *
You take 4 damage, and have 2/29 hp.
You closely miss the orc.
The orc is lightly wounded.
The orc hits you but does no damage.
You hit the orc but do no damage.
The orc is lightly wounded.
The orc closely misses you.
You barely miss the orc.
The orc is lightly wounded.
The orc hits you but does no damage.
You hit the orc but do no damage.
The orc is lightly wounded.
The orc hits you with a +0 short sword.
* * * LOW HITPOINT WARNING * * *
You take 2 damage, and have 1/29 hp.
You hit the orc but do no damage.
The orc is lightly wounded.
The orc closely misses you.
You hit the orc.
The orc is moderately wounded.
The orc hits you with a +0 short sword.
You die...

. ...........
█.██.......█
██.█....█...█
.....██†█.█.█
............█ █
............█.█
............█.█
.....██o█.....█
██.....@███.████
███....██.....█
█....██.....█ .
█....██.....██....
█....██...<.†......
█....██.....██.....
█....██.....█ ....
█....██.....█ ███
█.....█


You could see an orc.

Vanquished Creatures
  An adder (D:3)
  A worm (D:3)
  5 bats (D:1)
  2 endoplasms (D:1)
  2 giant cockroaches
  3 goblins
  3 hobgoblins (D:1)
  5 jackals (D:1)
  A quokka (D:1)
  4 ball pythons (D:1)
  A frilled lizard (D:2)
  2 kobolds (D:1)
  2 rats (D:1)
32 creatures vanquished.

Notes
Turn   | Place    | Note
-------+----------+-------------------------------------------
     0 | D:5      | Goblin1989 the Demonspawn Delver began the quest for the
                  | Orb.
     0 | D:5      | Reached XP level 1. HP: 18/18 MP: 1/1
    31 | D:2      | Noticed Sigmund
   387 | D:1      | Gained mutation: You have a pair of small antennae on your
                  | head. [demonic ancestry]
   387 | D:1      | Reached XP level 2. HP: 8/24 MP: 2/2
   814 | D:1      | Found a faded altar of an unknown god.
  1417 | D:1      | Reached XP level 3. HP: 25/29 MP: 3/3
  2141 | D:3      | HP: 1/29 [orc (2)]
  2143 | D:3      | Slain by an orc

Illustrated notes

Levels and vault maps discovered:
D:1:      dpeg_arrival_more_subterranean_lakeside_camping, layout_loops_ring,
          hellmonk_ecumenical_altar_heavens_door
D:2:      layout_rooms, nrook_campfire, uniq_natasha, uniq_sigmund
D:3:      layout_basic, lemuel_crystal_altar, gup_sewer_entry_bubbles,
          serial_shops, nicolae_shop_waterfront, eino_curves_01
D:4:      layout_rooms, minmay_temple_entry_junction_2, uniq_ijyb,
          uniq_blork_the_orc, uniq_robin
D:5:      layout_cave_pools, kennysheep_little_box, fedhas_altar_1,
          chequers_temple_overflow_minitemple,
          riverfiend_overflow_shadow_ancestor, wad_floor_pattern_untrapped

Skill      XL: |  1  2  3 |
---------------+----------+-----
Short Blades   | 2 3 |  3.1
Fighting       | |  3.0
Dodging        | |  1.7
Stealth        | |  4.9

Action                   || total
-------------------------++-------
Melee: Short sword       ||   153
  Use: Scroll            ||     1
 Stab: Sleeping          ||     4
Armor: Leather armour    ||    53
Dodge: Dodged            ||    79

Table legend: (Time is in decaauts)
 A = Elapsed time spent in this place.
 B = Non-inter-level travel time spent in this place.
 C = Inter-level travel time spent in this place.
 D = Time resting spent in this place.
 E = Time spent auto-exploring this place.
 F = Levels seen in this place.
 G = Mean time per level.
                   A        B        C        D        E       F      G
               +--------+--------+--------+--------+--------+-----+--------+
         Total |   2139 |   2111 |     28 |    424 |   1255 |   5 |  427.8 |
       Dungeon |   2139 |   2111 |     28 |    424 |   1255 |   5 |  427.8 |
               +--------+--------+--------+--------+--------+-----+--------+

Top non-repeatable levels by time:
     D:1: 1744 daAuts
     D:3: 263 daAuts
     D:2: 117 daAuts
     D:5: 9 daAuts
     D:4: 5 daAuts
